 Dungeon Crawl Stone Soup version 0.31-a0-833-gc15d34cb79 (webtiles) character file.

Game seed: 14979521764392049811

184 ipx the Chopper (level 5, -1/27 HPs)
             Began as a Vine Stalker Fighter on Sept 25, 2023.
             Slain by an ogre
             ... wielding a +0 giant club
              (18 damage)
             ... on level 4 of the Dungeon.
             The game lasted 00:07:39 (545 turns).

ipx the Chopper (Vine Stalker Fighter)               Turns: 545, Time: 00:07:40

Health: -1/27      AC:  8    Str: 21    XL:     5   Next: 64%
Magic:  0/6        EV:  7    Int:  8    God:
Gold:   114        SH:  4    Dex: 13    Spells: 4/4 levels left

rFire   . . .        a - +0 war axe
rCold   . . .        c - +0 buckler
rNeg    . . .        h - +0 chain mail
rPois   .            (no helmet)
rElec   .            g - scarf {repulsion}
rCorr   .            (no gloves)
SInv    .            (no boots)
Will    .....        (no amulet) Stlth
                     (no ring)
HPRegen 1.04/turn    (no ring)
MPRegen 0.10/turn

%: repel missiles, guardian spirit
@: no status effects
A: fangs 2, regeneration 1, magic shield, antimagic bite, no potion heal 2
a: no special abilities


You were on level 4 of the Dungeon.
You visited 1 branch of the dungeon, and saw 4 of its levels.

You collected 114 gold pieces.

Inventory:

Hand Weapons
 a - a +0 war axe (weapon)
 m - a +1 dagger of venom
Missiles
 j - 2 poisoned darts (quivered)
 n - 2 javelins
Armour
 b - a +0 scale mail
 c - a +0 buckler (worn)
 g - a scarf of repulsion (worn)
 h - a +0 chain mail (worn)
Scrolls
 e - a scroll of amnesia
 f - a scroll of immolation
 i - a scroll of fog
Potions
 d - a potion of might
 k - a potion of lignification {unknown}
 l - a potion of haste {unknown}
 o - a potion of heal wounds {unknown}


   Skills:
 - Level 2.6 Fighting
 + Level 5.2 Axes
 - Level 2.4 Armour
 - Level 2.6 Shields


You had 4 spell levels left.
You didn't know any spells.
Your spell library contained the following spells:

 Spells                   Type           Power      Damage    Failure   Level
 Magic Dart               Conj           0%         1d3       99%         1
 Call Imp                 Summ           0%         N/A       99%         2
 Ignite Poison            Fire/Tmut/Pois 0%         N/A       100%        3
 Mephitic Cloud           Conj/Pois/Air  0%         N/A       100%        3
 Sticky Flame             Conj/Fire      0%         2d3       100%        4
 Ignition                 Fire           0%         3d3       100%        8


Dungeon Overview and Level Annotations

Branches:
Dungeon (4/15)
 Temple: D:4-7

Altars:
The Shining One

Annotations:
D:3 exclusion: downstairs


Innate Abilities, Weirdness & Mutations

You have extremely sharp teeth.
Your natural rate of healing is unusually fast.
When hurt, damage is shared between your health and your magic reserves.
Your bite disrupts and absorbs the magic of your enemies.
Potions cannot restore your health.


Message History

Your Axes skill increases to level 5!
You see here a howler monkey corpse.
The ogre shouts!
Throw: 7 darts (poison)
Press: ? - help, Q - select action, (/) - cycle Shift-Dir - straight line, f - ogre
Aim: an ogre, wielding a +0 giant club (71% to hit)
You throw a poisoned dart. The poisoned dart hits the ogre.
The ogre is poisoned.
Throw: 6 darts (poison)
Press: ? - help, Q - select action, (/) - cycle Shift-Dir - straight line, f/p - ogre
Aim: an ogre, wielding a +0 giant club (poisoned, 71% to hit)
You throw a poisoned dart. The poisoned dart hits the ogre.
The ogre looks even sicker.
Throw: 5 darts (poison)
Press: ? - help, Q - select action, (/) - cycle Shift-Dir - straight line, f/p - ogre
Aim: an ogre, wielding a +0 giant club (very poisoned, 71% to hit)
You throw a poisoned dart. The poisoned dart hits the ogre.
Throw: 4 darts (poison)
Press: ? - help, Q - select action, (/) - cycle Shift-Dir - straight line, f/p - ogre
Aim: an ogre, wielding a +0 giant club (heavily wounded, poisoned, 71% to hit)
You throw a poisoned dart. The poisoned dart hits the ogre.
The ogre is heavily wounded.
Throw: 3 darts (poison)
Press: ? - help, Q - select action, (/) - cycle Shift-Dir - straight line, f/p - ogre
Aim: an ogre, wielding a +0 giant club (heavily wounded, poisoned, 71% to hit)
You throw a poisoned dart.
The poisoned dart barely misses the ogre.
The ogre looks more healthy.
Press: ? - help, v - describe, . - travel
Here: an ogre, wielding a +0 giant club (heavily wounded)
The floor.
Unknown command.
You barely miss the ogre.
The ogre is heavily wounded.
The ogre hits you with a +0 giant club!
You slash the ogre!
The ogre is severely wounded.
The ogre hits you with a +0 giant club!!
Ouch! That really hurt!
You die...

###...# ##..# ##### #...#
#...## #...# #....#### ##
#...# ##.......## #.## #...#
#.........## #...# #...#
##..........# ##....###...#
#......<....#
#......##...###...........#
#.......†...##..@..........#
##..........##.O..(..........
####.......##(..........###.
####................##
#....##..........#
###..#####........## ###
##..### #........# ....#..##
##......## .......####
#.....#


You could see an ogre.

Vanquished Creatures
  Pargi (D:3)
  A howler monkey (D:4)
  2 adders (D:2)
  A dart slug (D:1)
  2 orcs (D:3)
  2 ball pythons (D:2)
  2 endoplasms (D:2)
  3 giant cockroaches
  6 goblins
  A quokka (D:1)
  2 bats
  3 kobolds
  2 rats
28 creatures vanquished.

Notes
Turn   | Place    | Note
-------+----------+-------------------------------------------
     0 | D:1      | ipx the Vine Stalker Fighter began the quest for the Orb.
     0 | D:1      | Reached XP level 1. HP: 11/11 MP: 2/2
    69 | D:1      | Reached skill level 2 in Axes
    87 | D:2      | Reached XP level 2. HP: 16/16 MP: 1/3
   103 | D:2      | Reached skill level 3 in Axes
   103 | D:2      | Reached XP level 3. HP: 19/19 MP: 4/4
   300 | D:1      | You fall into a shaft and drop 1 floor!
   311 | D:3      | Found a glowing golden altar of the Shining One.
   312 | D:3      | Noticed Pargi
   327 | D:3      | Killed Pargi
   328 | D:3      | Reached skill level 4 in Axes
   328 | D:3      | Reached XP level 4. HP: 8/23 MP: 2/5
   328 | D:3      | Reached XP level 5. HP: 9/27 MP: 2/6
   344 | D:4      | Noticed an ogre
   515 | D:4      | Reached skill level 5 in Axes
   545 | D:4      | Slain by an ogre

Illustrated notes

Levels and vault maps discovered:
D:1:      eino_arrival_tree_alley, layout_basic
D:2:      layout_basic, serial_shops, shop, nicolae_shop_back_alley_shop,
          ebering_ecumenical_altar_webs, hex_large, minmay_misc_feat_cross,
          minmay_tromino_v7
D:3:      layout_basic, lemuel_tele_altar, pdpol_wu_jian_five_deadly_venoms,
          nemelex_xobeh_ov_fountains_minmay, minmay_distorted, uniq_pargi
D:4:      layout_cave_pods

Skill      XL: |  1  2  3  4  5 |
---------------+----------------+-----
Axes           | 2 3 4 5 |  5.2
Fighting       | |  2.6
Armour         | |  2.4
Shields        | |  2.6

Action                     |  1- 3 |  4- 6 || total
---------------------------+-------+-------++-------
  Melee: War axe           |    44 |    16 ||    60
         Bite              |     9 |     3 ||    12
  Throw: Dart              |     2 |     5 ||     7
         Javelin           |       |     3 ||     3
    Use: Scroll            |       |     3 ||     3
 Armour: Scale mail        |     1 |       ||     1
         Chain mail        |    35 |    10 ||    45
  Dodge: Dodged            |    25 |     1 ||    26
  Block: Buckler           |    14 |     6 ||    20

Table legend: (Time is in decaauts)
 A = Elapsed time spent in this place.
 B = Non-inter-level travel time spent in this place.
 C = Inter-level travel time spent in this place.
 D = Time resting spent in this place.
 E = Time spent auto-exploring this place.
 F = Levels seen in this place.
 G = Mean time per level.
                   A        B        C        D        E       F      G
               +--------+--------+--------+--------+--------+-----+--------+
         Total |    569 |    564 |      5 |      0 |      0 |   4 |  142.2 |
       Dungeon |    569 |    564 |      5 |      0 |      0 |   4 |  142.2 |
               +--------+--------+--------+--------+--------+-----+--------+

Top non-repeatable levels by time:
     D:2: 183 daAuts
     D:1: 130 daAuts
     D:3: 128 daAuts
     D:4: 126 daAuts
